 Dungeon Crawl Stone Soup version 0.27-a0-1105-g946c659c87 (webtiles) character file.

Game seed: 4070245990378369871

271 kae the Chopper (level 6, -3/56 HPs)
             Began as a Hill Orc Fighter on Apr 29, 2021.
             Slain by a gnoll
             ... wielding a +0 spear
              (4 damage)
             ... on level 4 of the Dungeon.
             The game lasted 00:01:37 (3428 turns).

kae the Chopper (Hill Orc Fighter)                  Turns: 3428, Time: 00:01:38

Health: -3/56      AC:  8    Str: 21    XL:     6   Next: 23%
Magic:  6/6        EV:  7    Int:  8    God:
Gold:   85         SH:  9    Dex: 10    Spells: 5/5 levels left

rFire    . . .     SeeInvis .   a - +0 war axe
rCold    . . .     Faith    .   c - +0 kite shield
rNeg     . . .     Spirit   .   b - +0 scale mail
rPois    .         Reflect  .   (no helmet)
rElec    .         Harm     .   l - +0 cloak
rCorr    .         Rampage  .   (no gloves)
Will     .....                  (no boots)
Stlth    ..........             (no amulet)
HPRegen  0.18/turn              (no ring)
MPRegen  0.10/turn              (no ring)

@: no status effects
A: no striking features
a: no special abilities


You were on level 4 of the Dungeon.
You visited 1 branch of the dungeon, and saw 4 of its levels.

You collected 85 gold pieces.

Inventory:

Hand Weapons
 a - a +0 war axe (weapon)
Armour
 b - a +0 scale mail (worn)
 c - a +0 kite shield (worn)
 l - a +0 cloak (worn)
Scrolls
 e - a scroll of identify
 i - a scroll of silence
Potions
 d - 2 potions of might
 f - 3 potions of curing
 g - a potion of brilliance
 k - 2 potions of heal wounds {unknown}


   Skills:
 + Level 5.1 Fighting
 * Level 6.2 Axes
 + Level 4.6 Armour
 - Level 3.2 Shields


You had 5 spell levels left.
You didn't know any spells.
Your spell library was empty.

Dungeon Overview and Level Annotations

Branches:
Dungeon (4/15)
 Temple: D:4-7

Altars:
Ashenzari
Okawaru

Shops:
D:2 *   D:4 [


Message History

You are too injured to fight recklessly!
You are too injured to fight recklessly!
You are too injured to fight recklessly!
You are too injured to fight recklessly!
You hit the gnoll.
The gnoll is moderately wounded.
You slash the gnoll! You block the gnoll's attack.
The gnoll closely misses you. You block the gnoll's attack.
The gnoll hits you with a +0 flail.
The gnoll hits you from afar with a +0 spear.
You block the gnoll's attack.
You completely miss the gnoll.
The gnoll is moderately wounded.
You hit the gnoll but do no damage. You block the gnoll's attack.
The gnoll hits you from afar with a +0 spear.
The gnoll hits you with a +0 flail.
You closely miss the gnoll.
The gnoll is moderately wounded.
You hit the gnoll. You block the gnoll's attack.
The gnoll hits you but does no damage. You block the gnoll's attack.
The gnoll hits you with a +0 flail. You block the gnoll's attack.
You closely miss the gnoll.
The gnoll is moderately wounded.
You hit the gnoll but do no damage. The gnoll hits you with a +0 flail.
* * * LOW HITPOINT WARNING * * *
The gnoll hits you with a +0 flail.
* * * LOW HITPOINT WARNING * * *
You block the gnoll's attack. The gnoll hits you with a +0 flail.
* * * LOW HITPOINT WARNING * * *
You slash the gnoll!
You kill the gnoll!
You barely miss the gnoll. You block the gnoll's attack.
The gnoll hits you from afar with a +0 spear.
* * * LOW HITPOINT WARNING * * *
You hit the gnoll but do no damage.
The gnoll is almost dead.
You block the gnoll's attack. x2; The gnoll hits you with a +0 flail!
* * * LOW HITPOINT WARNING * * *
The gnoll hits you from afar with a +0 spear.
You die...

###...##.....)[....##..⌠.⌠# ##..
#......†..⌠.)>..⌠...'...∩.## #...
#.....##...........##..⌠.⌠.###...
#......##..#####..##..##....#....
#.......##.#..##.########...#†..#
##.).....#+##..#'## #......##
##........***#...#### ##.....#
#......##* ##.....### ##....##
##..,,,******#@).....#**##....#
*,,,,,,,,,,#g........,,*#....#
**,,****+*#..g.##........#....
**,,**,8,##....*###..........
**,,**,,,##...#* *##........
**,,**,,,##...** ####.....
**,,**,,,*#...** **###...
***,,,,++,8,++...* *,,*####
**,,,,,**,,,**,,,,** **,,,**#


You could see 2 gnolls.

Vanquished Creatures
  Purgy (D:3)
  An orc wizard (D:4)
  A gnoll (D:4)
  6 adders
  An adder skeleton (D:4)
  A worm (D:2)
  4 dart slugs
  5 orcs
  8 bats
  4 endoplasms
  2 giant cockroaches
  4 goblins
  9 hobgoblins
  5 jackals (D:4)
  4 quokkas
  6 ball pythons
  3 kobolds
  A quokka skeleton (D:4)
  5 rats
71 creatures vanquished.

Notes
Turn   | Place    | Note
-------+----------+-------------------------------------------
     0 | D:1      | kae the Hill Orc Fighter began the quest for the Orb.
     0 | D:1      | Reached XP level 1. HP: 19/19 MP: 1/1
   120 | D:1      | Reached skill level 3 in Axes
   215 | D:1      | Reached XP level 2. HP: 19/27 MP: 2/2
   954 | D:2      | Found Hozxut's Assorted Antiques.
   977 | D:2      | Found an iron altar of Okawaru.
   987 | D:2      | Reached XP level 3. HP: 33/33 MP: 3/3
  1000 | D:2      | Reached skill level 4 in Axes
  1121 | D:2      | Found an iron altar of Okawaru.
  1447 | D:2      | Reached XP level 4. HP: 40/40 MP: 4/4
  1838 | D:2      | Found a faded altar of an unknown god.
  2626 | D:3      | Found a broken altar of Ashenzari.
  2930 | D:3      | Noticed Purgy
  2935 | D:3      | Killed Purgy
  2936 | D:3      | Reached skill level 5 in Axes
  2936 | D:3      | Reached XP level 5. HP: 36/47 MP: 5/5
  3078 | D:4      | Found an iron altar of Okawaru.
  3143 | D:4      | Found Xuxafaof's Antique Armour Shop.
  3378 | D:4      | Reached skill level 5 in Fighting
  3378 | D:4      | Reached skill level 6 in Axes
  3378 | D:4      | Reached XP level 6. HP: 56/56 MP: 6/6
  3428 | D:4      | HP: 1/56 [gnoll/+0 flail (7)]
  3428 | D:4      | Slain by a gnoll

Illustrated notes

Levels and vault maps discovered:
D:1:      lemuel_arrival_funnel, layout_basic
D:2:      layout_loops_ring, shapermc_ecumenical_altar_hornbeckon, serial_shops,
          shop, basic_altar, minmay_hexomino_r4
D:3:      layout_loops_corners, ashenzari_altar_1, st_stairs_6,
          serial_bayou_pond_e, uniq_purgy
D:4:      layout_cave_pods, okawaru_ov_weapons_minmay, serial_shops,
          shop_fountains, grunt_decor_arrowhead, grunt_ministairs_15

Skill      XL: |  1  2  3  4  5 |
---------------+----------------+-----
Axes           | 3 4 5 6 |  6.2
Fighting       | 4 5 |  5.1
Armour         | 4 |  4.6
Shields        | |  3.2

Action                   |  1- 3 |  4- 6 || total
-------------------------+-------+-------++-------
Melee: War axe           |    99 |    89 ||   188
  Use: Scroll            |     2 |     6 ||     8
Armor: Scale mail        |    66 |    29 ||    95
Dodge: Dodged            |    44 |    26 ||    70
Block: Kite shield       |    64 |    58 ||   122

Table legend: (Time is in decaauts)
 A = Elapsed time spent in this place.
 B = Non-inter-level travel time spent in this place.
 C = Inter-level travel time spent in this place.
 D = Time resting spent in this place.
 E = Time spent auto-exploring this place.
 F = Levels seen in this place.
 G = Mean time per level.
                   A        B        C        D        E       F      G
               +--------+--------+--------+--------+--------+-----+--------+
         Total |   3533 |   3412 |    121 |    386 |   2546 |   4 |  883.2 |
       Dungeon |   3533 |   3412 |    121 |    386 |   2546 |   4 |  883.2 |
               +--------+--------+--------+--------+--------+-----+--------+

Top non-repeatable levels by time:
     D:3: 1132 daAuts
     D:2: 1043 daAuts
     D:1: 983 daAuts
     D:4: 374 daAuts
